 Dungeon Crawl Stone Soup version 0.30-a0-956-gcec3b41aec (webtiles) character file.

Game seed: 12780659098669339848

982 retardedninja the Covered (level 7, 0/64 HPs)
             Began as an Armataur Fighter on Mar 29, 2023.
             Slain by an ogre
             ... wielding a +0 giant club
              (5 damage)
             ... on level 5 of the Dungeon.
             The game lasted 00:05:52 (4061 turns).

retardedninja the Covered (Armataur Fighter)        Turns: 4061, Time: 00:05:53

Health: 0/64       AC: 12    Str: 23    XL:     7   Next: 96%
Magic:  7/7        EV:  4    Int:  9    God:
Gold:   350        SH:  5    Dex:  9    Spells: 6/6 levels left

rFire   . . .      SeeInvis .    a - +0 long sword
rCold   . . .      Faith    .    c - +0 buckler
rNeg    . . .      Spirit   .    n - +0 plate armour
rPois   .          Reflect  .    g - +0 helmet
rElec   .          Roll     +    (no cloak)
rCorr   .                        (no gloves)
Will    .....                    (no barding) Stlth
                                 (no amulet)
HPRegen 0.30/turn                (no ring)
MPRegen 0.10/turn                (no ring)

@: no status effects
A: large, rugged brown scales 3, deformed body, armoured tail, roll, long
tongue, awkward tongue
a: no special abilities


You were on level 5 of the Dungeon.
You visited 1 branch of the dungeon, and saw 5 of its levels.

You collected 350 gold pieces.

Inventory:

Hand Weapons
 a - a +0 long sword (weapon)
Armour
 c - a +0 buckler (worn)
 g - a +0 helmet (worn)
 n - a +0 plate armour (worn)
Jewellery
 e - a ring of fire
Wands
 j - a wand of mindburst (30)
 s - a wand of charming (14)
Scrolls
 b - 3 scrolls of blinking {unknown}
 k - a scroll of amnesia {unknown}
 m - 2 scrolls of teleportation {unknown}
 o - a scroll of immolation {unknown}
 r - a scroll of identify {unknown}
 t - 2 scrolls of magic mapping {unknown}
 u - a scroll of enchant weapon {unknown}
 w - a scroll of fog {unknown}
Potions
 f - a potion of lignification {unknown}
 h - 2 potions of brilliance {unknown}
 i - 2 potions of attraction {unknown}
 l - a potion of berserk rage {unknown}
 p - a potion of curing
 q - a potion of heal wounds {unknown}
 v - 2 potions of degeneration {unknown}


   Skills:
 + Level 4.5 Fighting
 * Level 5.5 Long Blades
 + Level 6.1 Armour
 + Level 5.5 Shields


You had 6 spell levels left.
You didn't know any spells.
Your spell library was empty.

Dungeon Overview and Level Annotations

Branches:
Dungeon (5/15)
 Temple: D:4-7

Altars:
Wu Jian


Innate Abilities, Weirdness & Mutations

You are completely covered in rugged brown scales. (AC +3, +7% HP)
Armour fits poorly on your strangely shaped body.
You have a long armoured tail.
You roll when moving toward enemies. (Rampage)
Your long tongue fully drains potion bottles. (2x potion effects)
Your tongue gives you trouble enunciating. (1.5x scroll delay)


Message History

You start resting.
HP restored.
Key pressed, stopping explore.
You start waiting.
Done waiting.
Found 3 stones.
An ogre comes into view. It is wielding a +0 giant club.
The ogre shouts!
You roll towards the ogre!
The ogre hits you with a +0 giant club!!
An ogre is nearby!
You hit the ogre.
The ogre is lightly wounded.
A jelly comes into view.
There are monsters nearby!
You hit the ogre.
The ogre is moderately wounded.
The ogre hits you with a +0 giant club!!
Aiming: Charm
Press: ? - help, Q - select action, (/) - cycle Shift-Dir - straight line, f - ogre
Aim: an ogre, wielding a +0 giant club (moderately wounded, chance to affect: 49%)
The ogre resists with some effort.
The ogre hits you with a +0 giant club!
* * * LOW HITPOINT WARNING * * *
You feel better.
You slurp down every last drop of the potion of curing!
The ogre hits you with a +0 giant club!!
* * * LOW HITPOINT WARNING * * *
You feel better.
You slurp down every last drop of the potion of curing!
You block the jelly's attack.
You hit the ogre.
The ogre is moderately wounded.
The ogre hits you with a +0 giant club!!
* * * LOW HITPOINT WARNING * * *
The jelly barely misses you.
You slash the ogre!
The ogre is severely wounded.
The jelly hits you but does no damage. The ogre hits you with a +0 giant club.
You die...

.................
.........#....... ..
...........#.#####....
......#....#.#### #...
...[.###.......##....
#.. #..#####.....
#..###..# ...##
#......# ##O...#
##....#####@J.#
##....###.#....#
#..............#
#........###......#
#..........(...#...
###.......##...#....
#..##....#....# .##
#.. #....#..... # #...
##.... ....#


You could see an ogre and a jelly.

Vanquished Creatures
  Pikel (D:4)
  Sigmund (D:5)
  A sky beast (D:5)
  A bullfrog (D:3)
  A jelly (D:3)
  Jessica (D:2)
  An iguana (D:5)
  Robin (D:3)
  3 gnolls (D:3)
  2 worms
  An orc (D:2)
  2 bats
  4 endoplasms
  2 giant cockroaches
  15 goblins
  7 hobgoblins
  8 quokkas
  8 ball pythons
  4 frilled lizards
  17 kobolds
  7 rats
88 creatures vanquished.

Vanquished Creatures (others)
  4 plants (D:2)
4 creatures vanquished.

Grand Total: 92 creatures vanquished

Notes
Turn   | Place    | Note
-------+----------+-------------------------------------------
     0 | D:1      | retardedninja the Armataur Fighter began the quest for the
                  | Orb.
     0 | D:1      | Reached XP level 1. HP: 19/19 MP: 1/1
   228 | D:1      | Reached XP level 2. HP: 23/26 MP: 2/2
   722 | D:1      | Reached XP level 3. HP: 32/32 MP: 3/3
   926 | D:2      | Noticed Jessica
   929 | D:2      | Reached skill level 4 in Armour
   942 | D:2      | Killed Jessica
   996 | D:2      | Reached XP level 4. HP: 40/40 MP: 4/4
  2183 | D:3      | Noticed Robin
  2198 | D:3      | Killed Robin
  2204 | D:3      | Reached XP level 5. HP: 29/48 MP: 5/5
  2717 | D:3      | Found an ornate altar of the Wu Jian Council.
  3078 | D:4      | Noticed Pikel
  3078 | D:4      | Noticed a lemure
  3078 | D:4      | Noticed a lemure
  3078 | D:4      | Noticed a lemure
  3078 | D:4      | Noticed a lemure
  3115 | D:4      | Killed Pikel
  3116 | D:4      | Reached skill level 5 in Long Blades
  3116 | D:4      | Reached skill level 5 in Armour
  3116 | D:4      | Reached skill level 5 in Shields
  3116 | D:4      | Reached XP level 6. HP: 22/55 MP: 6/6
  3116 | D:4      | Reached XP level 7. HP: 25/63 MP: 7/7
  3639 | D:4      | Identified the +0 leather armour "Fofy" {Slay+2 SInv}
  3662 | D:5      | Entered Level 5 of the Dungeon
  3664 | D:5      | Noticed Sigmund
  3677 | D:5      | Killed Sigmund
  3767 | D:5      | Reached skill level 6 in Armour
  4061 | D:5      | Slain by an ogre

Illustrated notes

Levels and vault maps discovered:
D:1:      eino_arrival_water_cross, layout_basic
D:2:      layout_loops_ring, serial_bayou, serial_bayou_pond_d,
          serial_bayou_pond_c, serial_bayou_pond_b, serial_bayou_pond_c,
          uniq_jessica
D:3:      layout_basic, nicolae_wu_jian_immortal_techniques, uniq_robin
D:4:      layout_basic, serial_park_tiny_pond, uniq_pikel
D:5:      layout_cave_pools, kennysheep_generic_room_6, uniq_sigmund,
          uniq_blork_the_orc, uniq_ijyb

Skill      XL: |  1  2  3  4  5  6  7 |
---------------+----------------------+-----
Long Blades    | 2 3 5 |  5.5
Fighting       | 3 4 |  4.5
Armour         | 4 5 6 |  6.1
Shields        | 4 5 |  5.5

Action                     |  1- 3 |  4- 6 |  7- 9 || total
---------------------------+-------+-------+-------++-------
  Melee: Long sword        |    85 |   164 |    78 ||   327
         Tailslap          |     9 |    18 |    10 ||    37
  Evoke: Wand              |       |       |     1 ||     1
    Use: Potion            |       |     5 |     6 ||    11
 Armour: Scale mail        |    39 |    28 |       ||    67
         Plate armour      |       |    81 |    55 ||   136
  Dodge: Dodged            |    29 |    47 |    12 ||    88
  Block: Buckler           |    13 |    37 |    18 ||    68

Table legend: (Time is in decaauts)
 A = Elapsed time spent in this place.
 B = Non-inter-level travel time spent in this place.
 C = Inter-level travel time spent in this place.
 D = Time resting spent in this place.
 E = Time spent auto-exploring this place.
 F = Levels seen in this place.
 G = Mean time per level.
                   A        B        C        D        E       F      G
               +--------+--------+--------+--------+--------+-----+--------+
         Total |   4144 |   4061 |     83 |    693 |   2652 |   5 |  828.8 |
       Dungeon |   4144 |   4061 |     83 |    693 |   2652 |   5 |  828.8 |
               +--------+--------+--------+--------+--------+-----+--------+

Top non-repeatable levels by time:
     D:3: 1247 daAuts
     D:2: 1008 daAuts
     D:1: 886 daAuts
     D:4: 595 daAuts
     D:5: 408 daAuts
